 Dungeon Sprint DCSS version 0.29.1-2-gbd0b4ee654 (webtiles) character file.

Game seed: 13857812930535935614

68 Zeld the Magician (level 4, -2/24 HPs)
             Began as a Deep Elf Conjurer on Nov 1, 2022.
             Killed from afar by an oklob sapling (23 damage)
             ... with a splash of acid
             ... in the Dungeon (Sprint IV: "Fedhas' Mad Dash").
             The game lasted 00:00:44 (406 turns).

Zeld the Magician (Deep Elf Conjurer)                Turns: 406, Time: 00:00:45

Health: -2/24      AC:  2    Str:  4    XL:     4   Next: 1%
Magic:  2/14       EV: 13    Int: 25    God:
Gold:   60         SH:  0    Dex: 13    Spells: 13/16 levels left

rFire   . . .      SeeInvis .   (no weapon)
rCold   . . .      Faith    .   (no shield)
rNeg    . . .      Spirit   .   a - +0 robe
rPois   .          Reflect  .   (no helmet)
rElec   .          Harm     .   (no cloak)
rCorr   .          Rampage  .   (no gloves)
Will    .....      NoTele   +   (no boots)
Stlth   +++.......              (no amulet)
HPRegen 0.08/turn               (no ring)
MPRegen 0.14/turn               (no ring)

@: no status effects
A: no striking features
a: no special abilities


You were in the Dungeon.
You visited 1 branch You collected 60 gold pieces.

Inventory:

Armour
 a - a +0 robe (worn)
Jewellery
 d - the amulet of invisibility {+Inv}
   (You found it in the Dungeon)

   [amulet of nothing]

   +Inv:      It lets you turn invisible.
Scrolls
 g - a scroll of enchant weapon {unknown}
Potions
 b - 2 potions of magic
 c - a potion of curing
 e - a potion of haste
 f - a potion of berserk rage


   Skills:
 + Level 4.4 Dodging
 + Level 4.7 Stealth
 * Level 6.7 Spellcasting
 * Level 6.6 Conjurations


You had 13 spell levels left.
You knew the following spells:

 Your Spells              Type           Power      Damage    Failure   Level
a - Magic Dart            Conj           100%       1d8       1%          1
b - Searing Ray           Conj           82%        2d7       1%          2

Your spell library contained the following spells:

 Spells                   Type           Power      Damage    Failure   Level
 Foxfire                  Conj/Fire      96%        2x1d8     1%          1
 Dazzling Flash           Conj/Hex       48%        N/A       5%          3
 Fulminant Prism          Conj/Hex       12%        3d9       19%         4
 Iskenderun's Mystic Bla  Conj/Tloc      24%        2d7       19%         4
 Summon Guardian Golem    Hex/Summ       8%         N/A       21%         3
 Summon Ice Beast         Ice/Summ       8%         N/A       56%         4
 Starburst                Conj/Fire      12%        6d5       95%         6


Dungeon Overview and Level Annotations

Branches:
Dungeon (1/1)

Altars:

Annotations:
D exclusion: oklob sapling


Message History

The scorpion barely misses you.
Unknown command.
The searing ray misses the scorpion.
You finish channelling your searing ray.
The scorpion closely misses you. x2
Unknown command.
Unknown command.
Casting: Searing Ray (safe; 1% risk of failure)
Confirm with . or Enter, or press ? or * to list all spells.
Aiming: Searing Ray (safe; 1% risk of failure)
Press: ? - help, Shift-Dir - straight line, f/p - scorpion
Aim: a scorpion (severely wounded, 79% to hit)
The searing ray hits the scorpion!
You kill the scorpion! (Press . to maintain the ray.)
Your Dodging skill increases to level 4!
Your Stealth skill increases to level 4!
Your Spellcasting skill gained 2 levels and is now at level 6!
Your Conjurations skill increases to level 6!
You have reached level 3!
Your experience leads to an increase in your attributes!
Increase (S)trength, (I)ntelligence, or (D)exterity?
You feel clever. x2
You have reached level 4!
You feel clever.
You now have 26 gold pieces (gained 12).
You now have 31 gold pieces (gained 5).
You pick up the Folio of Conflagrant Production and begin reading...
You add the spells Foxfire, Summon Guardian Golem, Summon Ice Beast and Starburst to your library.
Okay, then.
d - the amulet of invisibility {+Inv}
g - a scroll labelled AKOJEA ECLONAADI You now have 46 gold pieces (gained 15).
Really walk into a travel-excluded area?
You see here 14 gold pieces.
You now have 60 gold pieces (gained 14).
The oklob sapling spits acid at you. The splash of acid hits you!!
Ouch! That really hurt!
You die...

##################
#<..P#.....#.@...#
#PP..'.....'.#...+
#PPPP#.....#P#...#
###############+##


You could see an oklob sapling.

Vanquished Creatures
  A scorpion (D)
  A river rat (D)
  A rat (D)
3 creatures vanquished.

Notes
Turn   | Place    | Note
-------+----------+-------------------------------------------
     0 | D        | Zeld the Deep Elf Conjurer began the quest for the Orb.
     0 | D        | Reached XP level 1. HP: 10/10 MP: 6/6
    16 | D        | Reached skill level 5 in Conjurations
    16 | D        | Reached XP level 2. HP: 9/15 MP: 2/9
    23 | D        | Learned a level 2 spell: Searing Ray
   383 | D        | Noticed an oklob sapling
   385 | D        | Noticed a scorpion
   385 | D        | Found the amulet of invisibility {+Inv}
   391 | D        | Killed a scorpion
   392 | D        | Reached XP level 3. HP: 15/19 MP: 0/13
   392 | D        | Reached XP level 4. HP: 20/24 MP: 0/14
   397 | D        | Got the Folio of Conflagrant Production
   406 | D        | Killed from afar by an oklob sapling

Illustrated notes

Levels and vault maps discovered:
D:        dungeon_sprint_fedhas [sprint_temple]

Skill      XL: |  1  2 |
---------------+-------+-----
Dodging        | 3 4 |  4.4
Stealth        | 3 4 |  4.7
Spellcasting   | 4 6 |  6.7
Conjurations   | 5 6 |  6.6

Action                   |  1- 3 |  4- 6 || total
-------------------------+-------+-------++-------
Melee: Unarmed           |     2 |       ||     2
 Cast: Magic Dart        |    11 |       ||    11
       Searing Ray       |     3 |       ||     3
  Use: Potion            |     2 |       ||     2
       Scroll            |     1 |       ||     1
Dodge: Dodged            |     7 |       ||     7
